 Dungeon Crawl Stone Soup version 0.25.1-4-g9407a263a5 (webtiles) character file.

Game seed: 5408182828488488768

2973 Clowwww the Cleaver (level 9, -2/66 HPs)
             Began as a Demonspawn Gladiator on Nov 28, 2020.
             Was an Initiate of Ashenzari.
             Slain by an unseen horror (5 damage)
             ... on level 1 of the Abyss.
             The game lasted 00:30:45 (7040 turns).

Clowwww the Cleaver (Demonspawn Gladiator)          Turns: 7040, Time: 00:30:47

Health: -2/66      AC: 18    Str: 18    XL:     9   Next: 53%
Magic:  0/9        EV:  9    Int: 10    God:    Ashenzari [......]
Gold:   458        SH:  9    Dex: 14    Spells: 8/8 levels left

rFire    + . .     SeeInvis .   a - +4 war axe (curse)
rCold    + + .     Gourm    .   s - +0 kite shield
rNeg     . . .     Faith    .   h - +5 scale mail {MR+}
rPois    +         Spirit   +   c - +0 helmet
rElec    +         Reflect  .   (no cloak)
rCorr    +         Harm     .   (no gloves)
MR       +....                  n - +0 pair of boots
Stlth    ..........             (no amulet)
HPRegen  0.00/turn              (no ring)
MPRegen  0.11/turn              (no ring)

@: resistant, non-regenerating, badly diseased
A: claws 1, icy blue scales 3, powered by pain 1, magic shield
a: Curse Item, Renounce Religion


You were on level 1 of the Abyss.
You worshipped Ashenzari.
Ashenzari was noncommittal.
You were not hungry.

You visited 1 branch of the dungeon, and saw 7 of its levels.
You visited the Abyss 1 time.

You collected 458 gold pieces.

Inventory:

Hand Weapons
 a - a cursed +4 war axe (weapon)
Missiles
 d - 3 throwing nets
 j - a boomerang (quivered)
 m - 26 poisoned darts
 D - 8 curare-tipped darts
Armour
 c - a +0 helmet (worn)
 h - a +5 scale mail of magic resistance (worn)
 n - a +0 pair of boots (worn)
 s - a +0 kite shield (worn)
 B - a +2 scale mail of poison resistance
Jewellery
 C - an uncursed ring of stealth
Wands
 p - a wand of paralysis (9)
 q - a wand of random effects (20)
 x - a wand of iceblast (14)
Scrolls
 b - 2 scrolls of blinking
 e - a scroll of amnesia {unknown}
 k - a scroll of enchant weapon
 l - 2 scrolls of fear
 t - 2 scrolls of fog
 v - a scroll of teleportation {unknown}
 y - 2 scrolls of magic mapping {unknown}
 z - a scroll of silence {unknown}
 E - a scroll of identify
Potions
 i - a potion of curing
 o - a potion of brilliance
 r - a potion of stabbing {unknown}
 u - a potion of berserk rage
 A - a potion of flight {unknown}
Comestibles
 f - 18 rations


   Skills:
 + Level 4.7 Fighting
 + Level 9.0 Axes
 + Level 4.7 Throwing
 + Level 4.2 Armour
 + Level 4.0 Dodging
 - Level 0.6 Stealth
 + Level 2.7 Shields
 + Level 0.3 Evocations


You had 8 spell levels left.
You didn't know any spells.
Your spell library contained the following spells:

 Spells                   Type           Power        Failure   Level  Hunger
 Summon Small Mammal      Summ           #...         99%         1    ##.....
 Call Imp                 Summ           #.......     100%        2    ###....
 Call Canine Familiar     Summ           #.......     100%        3    ####...
 Summon Guardian Golem    Hex/Summ       #.......     100%        3    ####...
 Summon Ice Beast         Ice/Summ       #.......     100%        4    #####..
 Summon Lightning Spire   Summ/Air       #.......     100%        4    #####..


Dungeon Overview and Level Annotations

Branches:
Dungeon (7/15)             Temple (0/1) D:7

Altars:
Ashenzari
Elyvilon
Kikubaaqudgha
Nemelex Xobeh
Okawaru
Ru
Trog
Uskayaw
Wu Jian

Shops:
D:5 (

Annotations:
D:7 Maggie


Innate Abilities, Weirdness & Mutations

You have sharp fingernails.
You are completely covered in icy blue scales. (AC +4, rC+)
You sometimes gain a little power by taking damage.
When hurt, damage is shared between your health and your magic reserves.


Message History

You block something's attack. The flying skull hits you.
* * * LOW HITPOINT WARNING * * *
You block the small abomination's attack.
Something hits you.
* * * LOW HITPOINT WARNING * * *
You feel protected. Something hits you.
* * * LOW HITPOINT WARNING * * *
The neqoxec gestures.
You block the small abomination's attack.
The flying skull hits you but does no damage.
The flying skull barely misses you.
A glowing orange brain comes into view.
The glowing orange brain turns its attention towards you.
You block the flying skull's attack. The flying skull hits you.
* * * LOW HITPOINT WARNING * * *
The white imp grinds its teeth.
Something hits you!
You die...

. ..#...#.... .#..
..................
.....................#G
.....#...........#......
..............#..#....
..#...#.........#.......
. .... .......x.........
.. .....>.....zz{.......
.............5xz@.......
...#..........xz........
...).# .......x#.....#..
..............#...#....
........535............
........................
... ...................
. .#.....#..#........#.
........#...#.


You could see a glowing orange brain, an ancient zyme, a neqoxec, 3 small
abominations, 4 flying skulls, a crimson imp (summoned), a white imp and a
shadow imp (summoned).

Vanquished Creatures
  Grinder (D:3)
  Prince Ribbit (D:5)
  Eustachio (D:4)
  Menkaure (D:4)
  Duvessa (D:7)
  A sky beast (D:5)
  An ice beast (D:6)
  2 phantoms
  3 centaurs (D:6)
  A bullfrog (D:6)
  Dowan (D:7)
  3 scorpions
  5 killer bees (D:7)
  3 crimson imps
  2 bullfrog zombies
  3 hounds
  4 orc priests
  A jelly (D:6)
  7 orc wizards
  2 bullfrog skeletons
  An iguana (D:4)
  7 worker ants
  Terence (D:2)
  A hound zombie (D:5)
  A hound skeleton (D:5)
  8 adders
  An ooze (D:3)
  An adder zombie (D:1)
  4 worms
  4 dart slugs
  8 leopard geckos
  24 orcs
  4 bats
  6 giant cockroaches
  7 goblins
  7 hobgoblins
  12 kobolds
  4 quokkas
  9 frilled lizards
  A jackal skeleton (D:6)
  2 jackal zombies
  A leopard gecko skeleton (D:6)
  8 rats
166 creatures vanquished.

Notes
Turn   | Place    | Note
-------+----------+-------------------------------------------
     0 | D:1      | Clowwww the Demonspawn Gladiator began the quest for the
                  | Orb.
     0 | D:1      | Reached XP level 1. HP: 16/16 MP: 1/1
   163 | D:1      | Reached skill level 3 in Axes
   163 | D:1      | Gained mutation: When hurt, damage is shared between your
                  | health and your magic reserves. [demonic ancestry]
   163 | D:1      | Reached XP level 2. HP: 18/22 MP: 2/2
   890 | D:1      | Reached XP level 3. HP: 21/27 MP: 3/3
  1518 | D:2      | Noticed Terence
  1525 | D:2      | Reached skill level 1 in Armour
  1533 | D:2      | Killed Terence
  1533 | D:2      | Gained mutation: You are partially covered in icy blue
                  | scales. (AC +2) [demonic ancestry]
  1533 | D:2      | Reached XP level 4. HP: 24/34 MP: 0/4
  1699 | D:2      | Found a bloodstained altar of Trog.
  1866 | D:2      | Found an ancient bone altar of Kikubaaqudgha.
  2053 | D:2      | Found a sacrificial altar of Ru.
  2068 | D:2      | Reached skill level 4 in Axes
  2068 | D:2      | Reached XP level 5. HP: 38/39 MP: 5/5
  2232 | D:2      | Found an ornate altar of the Wu Jian Council.
  2240 | D:2      | Found a sparkling altar of Nemelex Xobeh.
  2242 | D:2      | Found a white marble altar of Elyvilon.
  2718 | D:3      | Found an iron altar of Okawaru.
  2950 | D:3      | Noticed Grinder
  2964 | D:3      | Killed Grinder
  2964 | D:3      | Reached skill level 5 in Axes
  2964 | D:3      | Gained mutation: You sometimes gain a little power by
                  | taking damage. [demonic ancestry]
  2964 | D:3      | Reached XP level 6. HP: 14/46 MP: 2/6
  3579 | D:4      | Noticed Menkaure
  3588 | D:4      | Killed Menkaure
  3588 | D:4      | Gained mutation: You have sharp fingernails. [demonic
                  | ancestry]
  3588 | D:4      | Reached XP level 7. HP: 52/52 MP: 7/7
  3654 | D:4      | Noticed Eustachio
  3666 | D:4      | Killed Eustachio
  3666 | D:4      | Reached skill level 6 in Axes
  3810 | D:4      | Reached skill level 1 in Shields
  4385 | D:5      | Entered Level 5 of the Dungeon
  4390 | D:5      | Gained mutation: You are mostly covered in icy blue scales.
                  | (AC +3) [demonic ancestry]
  4390 | D:5      | Reached XP level 8. HP: 58/58 MP: 8/8
  5033 | D:5      | Reached skill level 7 in Axes
  5035 | D:5      | Found a hide-covered altar of Uskayaw.
  5060 | D:5      | Found Wedur's Antique Weapon Shoppe.
  5075 | D:5      | Noticed Prince Ribbit
  5437 | D:5      | Killed Prince Ribbit
  5938 | D:6      | Found a shattered altar of Ashenzari.
  5947 | D:6      | Became a worshipper of Ashenzari the Shackled
  6068 | D:6      | Gained mutation: You are completely covered in icy blue
                  | scales. (AC +4, rC+) [demonic ancestry]
  6068 | D:6      | Reached XP level 9. HP: 53/66 MP: 6/9
  6308 | D:6      | Reached skill level 8 in Axes
  6730 | D:7      | Found a staircase to the Ecumenical Temple.
  6730 | D:7      | Noticed Duvessa
  6731 | D:7      | Noticed Dowan
  6738 | D:7      | Killed Duvessa
  6753 | D:7      | Killed Dowan
  6920 | D:7      | Noticed Maggie
  6932 | D:7      | Reached skill level 9 in Axes
  6939 | D:7      | Cast into level 1 of the Abyss (Maggie)
  6955 | Abyss:1  | Noticed an ancient zyme
  7020 | Abyss:1  | Identified the +4 falchion of Dung {pain, Str+4}
  7040 | Abyss:1  | Noticed a glowing orange brain
  7040 | Abyss:1  | HP: 3/66 [flying skull (2)]
  7040 | Abyss:1  | Slain by an unseen horror

Illustrated notes

Levels and vault maps discovered:
D:1:      saegor_arrival_fortress, layout_loops_ring, kennysheep_boxes
D:2:      layout_basic, bloody_trog, nicolae_ru_great_annihilating_truth,
          kiku_gazebo_garden_becter, grunt_temple_overflow_diamond,
          wander_ebering_terrifying_dragon_lair, uniq_terence
D:3:      layout_loops_ring, okawaru_trees_1, first_ration, uniq_grinder
D:4:      layout_cave_pods, uniq_menkaure, uniq_eustachio
D:5:      layout_cave_pods, overflow_temple_1_default, serial_shops,
          kennysheep_mini, roderic_malta_cross, serial_bayou_lagoon_a,
          minivault_23, uniq_prince_ribbit1
D:6:      layout_loops_corners, cheibrodos_ashenzari_chains
D:7:      layout_layer_cave, minmay_temple_entry_mist, uniq_duvessa, uniq_maggie
Abyss:1:  bh_abyss_negative, bh_abyss_negative

Skill      XL: |  1  2  3  4  5  6  7  8  9 |
---------------+----------------------------+-----
Axes           | 3 4 5 6 7 9 |  9.0
Dodging        | 3 4 |  4.0
Armour         | 1 2 3 4 |  4.2
Throwing       | 2 3 4 |  4.7
Fighting       | 3 4 |  4.7
Shields        | 1 2 |  2.7
Stealth        | |  0.6
Evocations     | |  0.3

Action                   |  1- 3 |  4- 6 |  7- 9 || total
-------------------------+-------+-------+-------++-------
Melee: War axe           |    81 |   152 |   261 ||   494
Throw: Boomerang         |    24 |    42 |    76 ||   142
Invok: Curse Item        |       |       |     1 ||     1
Evoke: Wand              |       |       |     7 ||     7
  Use: Scroll            |       |     9 |     8 ||    17
       Potion            |       |     1 |     2 ||     3
 Stab: Invisible         |       |     1 |       ||     1
  Eat: Chunk             |     2 |     7 |    11 ||    20
Armor: Leather armour    |    28 |       |       ||    28
       Scale mail        |       |    68 |   183 ||   251
Dodge: Dodged            |    60 |    88 |   135 ||   283
Block: Tower shield      |     6 |       |       ||     6
       Kite shield       |       |    11 |   131 ||   142
